 Dungeon Crawl Stone Soup version 0.18.1-50-g88ac8fd (webtiles) character file.

1495 Peloso the Shield-Bearer (level 8, -7/66 (69) HPs)
             Began as a Ghoul Fighter on Oct 22, 2016.
             Mangled by a five-headed hydra (11 damage)
             ... on level 7 of the Dungeon.
             The game lasted 00:19:52 (5169 turns).

Peloso the Shield-Bearer (Ghoul Fighter)            Turns: 5169, Time: 00:19:52

HP:   -7/66 (69)    AC: 14    Str: 20    XL:     8   Next: 81%
MP:   7/7           EV:  7    Int:  3    God:
Gold: 460           SH: 10    Dex: 12    Spells: 0 memorised, 7 levels left

rFire  . . .     SeeInvis .     l - +2 whip (flame)
rCold  + . .     Gourm    .     h - +0 chain mail
rNeg   + + +     Faith    .     c - +0 shield
rPois  ∞         Spirit   .     (no helmet)
rElec  .         Dismiss  .     q - +0 cloak
rCorr  .         Reflect  .     (no gloves)
SustAt +         Harm     .     p - +2 pair of boots
MR     .....                    (no amulet)
Stlth  ..........               E - ring of sustain attributes
                                k - +2 ring of dexterity

@: rotting, not resistant to hostile enchantments, extremely unstealthy
A: rotting body, claws 1, carnivore 3, cold resistance 1, negative energy
resistance 3, slow regeneration 1, torment resistance, unbreathing
a: no special abilities


You were on level 7 of the Dungeon.
You were near starving.

You visited 1 branch of the dungeon, and saw 7 of its levels.

You collected 460 gold pieces.

Inventory:

Hand Weapons
 a - a +0 long sword
 l - a +2 whip of flaming (weapon)
 F - the +9 falchion "Tehoanit" {venom, rElec rF+ rC+ MP+9 Int+3}
   (You found it on level 5 of the Dungeon)

   It poisons the flesh of those it strikes.
   It affects your intelligence (+3).
   It protects you from fire.
   It protects you from cold.
   It insulates you from electricity.
   It affects your magic capacity (+9).
Armour
 c - a +0 shield (worn)
 h - a +0 chain mail (worn)
 p - a +2 pair of boots (worn)
 q - a +0 cloak (worn)
Jewellery
 k - a +2 ring of dexterity (left claw)
 n - an uncursed ring of ice
 u - an uncursed amulet of dismissal
 D - an uncursed ring of stealth
 E - a ring of sustain attributes (right claw)
 L - an uncursed ring of fire
Wands
 b - a wand of flame (19/48)
 B - a wand of polymorph (11/24)
 J - a wand of lightning (3/15)
 M - a wand of digging (23/24)
Scrolls
 g - 2 scrolls of teleportation
 m - a scroll of remove curse
 t - a scroll of magic mapping
 z - a scroll of recharging
Potions
 d - a potion of might
 i - a potion of heal wounds
 v - 2 potions of degeneration {unknown}
 w - 5 potions of curing {unknown}
 x - a potion of invisibility {unknown}
 C - a potion of resistance {unknown}
 G - 2 potions of brilliance {unknown}
Books
 K - the Handbook of Venom and Companions
   (You found it on level 6 of the Dungeon)

   Spells                             Type                      Level
   a - Summon Butterflies             Summoning                    1
   b - Mephitic Cloud                 Conjuration/Poison/Air       3
   c - Ignite Poison                  Fire/Transmutation/Poison    3
Comestibles
 f - 5 meat rations
 s - a slice of pizza


   Skills:
 + Level 5.4 Fighting
 + Level 5.1 Long Blades
 + Level 5.1 Armour
 + Level 2.7 Dodging
 + Level 6.0 Shields


You had 7 spell levels left.
You didn't know any spells.

Dungeon Overview and Level Annotations

Branches:
Dungeon (7/15)
 Temple: D:4-7

Altars:
Elyvilon
Kikubaaqudgha
Nemelex Xobeh
Pakellas
Qazlal
Ru
The Shining One

Shops:
D:4 :

Annotations:
D:7 Drunkenshrew's ghost, novice DrFi


Innate Abilities, Weirdness & Mutations

Your body is rotting away.
You thrive on raw meat.
You are immune to poison.
You have sharp fingernails.
You are carnivorous and can eat meat at any time.
Your flesh is cold resistant.
You are immune to negative energy.
You regenerate slowly when monsters are visible.
You are immune to unholy pain and torment.
You can survive without breathing.


Message History

You block the five-headed hydra's attack.
The five-headed hydra barely misses you.
The five-headed hydra bites you!
The five-headed hydra bites you but does no damage.
An orc comes into view. It is wielding a mace.
The orc shouts!
You hit the five-headed hydra. You burn the five-headed hydra.
The five-headed hydra is moderately wounded.
The five-headed hydra bites you but does no damage.
The five-headed hydra bites you! x2
* * * LOW HITPOINT WARNING * * *
The five-headed hydra bites you!
* * * LOW HITPOINT WARNING * * *
You block the five-headed hydra's attack.
You hit the five-headed hydra but do no damage.
The five-headed hydra is moderately wounded.
The five-headed hydra bites you.
* * * LOW HITPOINT WARNING * * *
The five-headed hydra bites you!
You die...

#........#
...
#.########
.... ##.##
#.o.##
##...#
#....)
#....#


.osh# ##....# o.. ###".#### #h###...## #oD@..### ####### You could see a
five-headed hydra, 4 orcs, a jackal and a giant cockroach.

Vanquished Creatures
  An orc warrior (D:7)
  An ice beast (D:5)
  2 ogres (D:5)
  A phantom (D:5)
  3 big kobolds (D:3)
  3 scorpions (D:4)
  A howler monkey (D:6)
  2 crimson imps
  A wasp zombie (D:7)
  An orc priest (D:4)
  An orc wizard (D:7)
  2 giant frog skeletons (D:5)
  Jessica (D:3)
  An iguana (D:6)
  4 worker ants
  A hound zombie (D:6)
  A worker ant zombie (D:5)
  A gnoll (D:3)
  7 adders
  2 shadow imps (D:5)
  A white imp (D:4)
  2 adder skeletons (D:4)
  4 dart slugs
  7 giant geckos
  15 orcs
  10 bats
  6 giant cockroaches
  10 goblins
  10 hobgoblins
  10 jackals
  43 kobolds
  A quokka (D:2)
  2 ball pythons
  A giant gecko skeleton (D:4)
  4 giant newts
  7 rats
170 creatures vanquished.

Notes
Turn   | Place    | Note
--------------------------------------------------------------
     0 | D:1      | Peloso the Ghoul Fighter began the quest for the Orb.
     0 | D:1      | Reached XP level 1. HP: 19/19 MP: 0/0
    35 | D:1      | Reached XP level 2. HP: 14/26 MP: 1/1
   237 | D:1      | Reached skill level 3 in Shields
   296 | D:1      | Reached XP level 3. HP: 31/31 MP: 2/2
   868 | D:2      | Reached skill level 1 in Dodging
   868 | D:2      | Reached XP level 4. HP: 35/40 MP: 3/3
  1415 | D:3      | Reached XP level 5. HP: 45/46 MP: 4/4
  1493 | D:3      | Found a glowing golden altar of the Shining One.
  1697 | D:3      | Noticed a big kobold
  1737 | D:3      | Killed a big kobold
  1927 | D:3      | Noticed a big kobold
  1958 | D:3      | Killed a big kobold
  1958 | D:3      | Reached skill level 4 in Shields
  1958 | D:3      | Reached XP level 6. HP: 39/52 MP: 5/5
  2109 | D:3      | Noticed Jessica
  2114 | D:3      | Killed Jessica
  2489 | D:3      | Reached XP level 7. HP: 60/60 MP: 6/6
  3142 | D:4      | Found Veyfygg's Book Emporium.
  3500 | D:4      | Reached skill level 5 in Shields
  3522 | D:5      | Entered Level 5 of the Dungeon
  3617 | D:5      | Got an iridescent falchion
  3618 | D:5      | Identified the +9 falchion "Tehoanit" {venom, rElec rF+ rC+ MP+9 Int+3} (You found it on level 5 of the Dungeon)
  3645 | D:5      | Found a white marble altar of Elyvilon.
  3797 | D:5      | Reached XP level 8. HP: 64/64 MP: 7/7
  3832 | D:5      | Reached skill level 5 in Fighting
  3850 | D:5      | Found an ancient bone altar of Kikubaaqudgha.
  3989 | D:5      | Found an oddly glowing altar of Pakellas.
  4264 | D:6      | Identified the Handbook of Venom and Companions
  4407 | D:6      | Reached skill level 5 in Armour
  4461 | D:6      | Found a stormy altar of Qazlal.
  4468 | D:6      | Found a sacrificial altar of Ru.
  4472 | D:6      | Found a sparkling altar of Nemelex Xobeh.
  4675 | D:6      | Reached skill level 5 in Long Blades
  4894 | D:7      | Noticed Drunkenshrew's ghost (novice DrFi)
  5153 | D:7      | Noticed a four-headed hydra
  5159 | D:7      | Reached skill level 6 in Shields
  5169 | D:7      | Mangled by a five-headed hydra

Skill      XL: |  1  2  3  4  5  6  7  8 |
---------------+-------------------------+-----
Shields        | 3 4 5 6 |  6.0
Armour         | 3 4 5 |  5.1
Long Blades    | 2 3 4 5 |  5.1
Dodging        | 1 2 |  2.7
Fighting       | 4 5 |  5.4

Action                   |  1- 3 |  4- 6 |  7- 9 || total
-------------------------+-------+-------+-------++-------
Melee: Long sword        |   136 |   339 |   144 ||   619
       Falchion          |       |       |    85 ||    85
       Whip              |       |       |     3 ||     3
Evoke: Wand              |       |       |     1 ||     1
  Use: Scroll            |       |       |    12 ||    12
  Eat: Chunk             |     3 |    11 |     5 ||    19
Armor: Scale mail        |    15 |       |       ||    15
       Chain mail        |    80 |   280 |   106 ||   466
Dodge: Dodged            |    27 |   119 |    48 ||   194
Block: Shield            |    69 |   290 |   118 ||   477
